 Dungeon Crawl Stone Soup version 0.31-a0-986-g5e6e4ef867 (webtiles) character file.

Game seed: 7523294604806127044

367 Dordric the Changeling (level 6, 0/38 HPs)
             Began as an Octopode Shapeshifter on Nov 7, 2023.
             Slain by a gnoll
             ... wielding a +0 halberd
              (13 damage)
             ... on level 4 of the Dungeon.
             The game lasted 00:04:46 (2804 turns).

Dordric the Changeling (Octopode Shapeshifter)      Turns: 2804, Time: 00:04:47

Health: 0/38       AC:  1    Str: 14    XL:     6   Next: 69%
Magic:  6/6        EV: 13    Int: 12    God:
Gold:   170        SH:  0    Dex: 13    Spells: 5/5 levels left

rFire   . . .        s - +6 short sword "Lupoot" {heavy, rPois}
rCold   . . .        (no shield)
rNeg    . . .        (helmet currently unavailable)
rPois   +            (no amulet)
rElec   .            m - ring of wizardry
rCorr   .            (no ring)
SInv    .            (no ring)
Will    .....        (no ring)
Stlth   ++           (no ring)
HPRegen 0.26/turn    (no ring)
MPRegen 0.10/turn    (no ring)
                     (no ring)

%: wizardry (x1)
@: beast-form
A: beast (slay +3), almost no armour, amphibious, 8 rings, camouflage 1,
gelatinous body 1, (nimble swimmer 1), tentacles
a: Begin Untransformation


You were on level 4 of the Dungeon.
You were a hulking beast.
You visited 1 branch of the dungeon, and saw 4 of its levels.

You collected 170 gold pieces.

Inventory:

Hand Weapons
 s - the +6 short sword "Lupoot" (weapon) {heavy, rPois}
   (You found it on level 4 of the Dungeon)

   rPois:     It protects you from poison
Missiles
 d - 10 poisoned darts
 f - a throwing net
Jewellery
 m - a ring of wizardry (left tentacle)
Talismans
 b - a beast talisman
 c - a flux talisman
Scrolls
 e - 4 scrolls of teleportation {unknown}
 g - a scroll of blinking {unknown}
 h - 3 scrolls of identify {unknown}
 j - a scroll of vulnerability {unknown}
 k - a scroll of poison {unknown}
 l - a scroll of noise {unknown}
 p - a scroll of amnesia {unknown}
 u - a scroll of fog {unknown}
Potions
 a - a potion of lignification
 i - 2 potions of degeneration {unknown}
 n - 2 potions of attraction {unknown}
 o - a potion of brilliance {unknown}
 r - 2 potions of heal wounds {unknown}
 t - a potion of enlightenment {unknown}


   Skills:
 - Level 1.0 Fighting
 - Level 2.0 Dodging
 - Level 3.0 Unarmed Combat
 - Level 3.0 Evocations
 + Level 6.2 Shapeshifting


You had 5 spell levels left.
You didn't know any spells.
Your spell library contained the following spells:

 Spells                   Type           Power      Damage    Failure   Level
 Cigotuvi's Dreadful Rot  Necr/Pois/Air  0%         N/A       21%         2
 Ignite Poison            Fire/Tmut/Pois 0%         N/A       36%         3
 Freezing Cloud           Conj/Ice/Air   0%         6-21      97%         5


Dungeon Overview and Level Annotations

Branches:
Dungeon (4/15)
 Temple: D:4-7

Altars:
Nemelex Xobeh
Yredelemnul

Shops:
D:3 :


Innate Abilities, Weirdness & Mutations

You are a hulking beast.
Your limbs bulge with bestial killing power. (Slay +3)
You cannot wear most types of armour.
You are amphibious.
You can wear up to eight rings at the same time.
Your skin changes colour to match your surroundings (Stealth+).
Your rubbery body absorbs attacks. (AC +1, EV +1)
((You are camouflaged when in or above water. (Stealth+)))
You have tentacles for arms and can constrict up to eight enemies at once.


Message History

You open the door.
There is an open door here.
You open the door.
There is an open door here.
You open the door.
There is an open door here.
Found a stone staircase leading down.
As you open the door, it creaks loudly!
There is a stone staircase leading down here.
As you open the door, it creaks loudly!
You open the door.
There is an open door here.
Found a war axe.
You open the door.
There is an open door here.
A gnoll comes into view. It is wielding a +0 whip.
Found a sparkling altar of Nemelex Xobeh and a basalt altar of Yredelemnul.
The gnoll moves out of view.
A gnoll comes into view. It is wielding a +0 halberd.
There are monsters nearby!
The puff of flame hits the gnoll.
The gnoll is moderately wounded.
A kobold comes into view. It is wielding a +0 short sword.
A gnoll comes into view. It is wielding a +0 spear.
The puff of flame misses the gnoll.
The puff of flame hits the kobold!
You kill the kobold!
The gnoll shouts!
The now-empty wand crumbles to dust.
Nothing quivered!
The gnoll barely misses you.
You closely miss the gnoll. You grab the gnoll. You constrict the gnoll.
The gnoll barely misses you. The gnoll hits you with a +0 whip.
The gnoll hits you from afar with a +0 halberd!
You release your grip on the gnoll.
The gnoll attacks as it pursues you! The gnoll hits you with a +0 whip.
The gnoll attacks as it pursues you! The gnoll closely misses you.
The gnoll attacks as it pursues you! The gnoll hits you with a +0 whip.
The gnoll attacks as it pursues you!
The gnoll hits you from afar with a +0 halberd!
You die...

.....#...........###'###'#######.
####'#.......#'#####..#.........#
.............#.....'..#.........#
.............+.....#..#.........#
.............##...###.#.........#
..........#####...###############
..........#.........#
..........#.........#
#'####....'.....h...###
.....#..≈≈≈≈≈≈≈g≈≈≈≈≈≈≈#
.....#..≈#####≈g≈#####≈#
.....#..≈#≈≈≈#≈.≈#≈≈≈# #
.....#..≈#≈_...g..._≈#
.....#..≈#≈≈≈#≈.≈#≈≈≈#
.....#..≈#####≈.≈##### .....#..≈≈
≈≈≈.≈≈≈ .....#..........####


You could see 3 gnolls.

Vanquished Creatures
  A black bear (D:3)
  An orc priest (D:4)
  2 iguanas
  Natasha (twice) (D:2)
  A gnoll (D:4)
  3 adders
  3 worms
  A dart slug (D:2)
  8 orcs
  11 bats
  10 endoplasms
  4 giant cockroaches
  3 goblins
  8 hobgoblins
  5 quokkas
  9 ball pythons
  4 frilled lizards
  9 kobolds
  6 rats
91 creatures vanquished.

Notes
Turn   | Place    | Note
-------+----------+-------------------------------------------
     0 | D:1      | Dordric the Octopode Shapeshifter began the quest for the
                  | Orb.
     0 | D:1      | Reached XP level 1. HP: 13/13 MP: 1/1
   101 | D:1      | Reached XP level 2. HP: 18/18 MP: 2/2
   316 | D:1      | Reached XP level 3. HP: 23/23 MP: 3/3
   357 | D:1      | Reached skill level 4 in Shapeshifting
  1125 | D:2      | Reached XP level 4. HP: 28/28 MP: 4/4
  1342 | D:2      | Noticed Natasha
  1345 | D:2      | Killed Natasha
  1473 | D:2      | Reached skill level 5 in Shapeshifting
  1489 | D:2      | Noticed Natasha
  1494 | D:2      | Killed Natasha
  1495 | D:2      | Reached skill level 1 in Evocations
  1495 | D:2      | Reached XP level 5. HP: 33/33 MP: 5/5
  1883 | D:3      | Noticed a black bear
  1895 | D:3      | Killed a black bear
  1896 | D:3      | Reached XP level 6. HP: 34/38 MP: 6/6
  2035 | D:3      | Found Aloaxerch's Book Shoppe.
  2236 | D:4      | Identified the +6 short sword "Lupoot" {heavy, rPois}
  2537 | D:4      | Reached skill level 6 in Shapeshifting
  2792 | D:4      | Found a sparkling altar of Nemelex Xobeh.
  2792 | D:4      | Found a basalt altar of Yredelemnul.
  2804 | D:4      | Slain by a gnoll

Illustrated notes

Levels and vault maps discovered:
D:1:      psy_arrival_statuary, layout_basic, minmay_misc_feat_more_columns,
          nicolae_twisty_statue_hallways
D:2:      layout_loops_corners, uniq_natasha
D:3:      layout_loops_cross, serial_shops, nicolae_shop_window_shopping,
          kennysheep_minor_cross
D:4:      layout_gridville, nicolae_overflow_two_pavilions, serial_shops, shop

Skill      XL: |  1  2  3  4  5  6 |
---------------+-------------------+-----
Shapeshifting  | 4 5 6 |  6.2
Evocations     | 1 2 3 |  3.0
Fighting       | |  1.0
Dodging        | |  2.0
Unarmed Combat | |  3.0

Action                     |  1- 3 |  4- 6 || total
---------------------------+-------+-------++-------
  Melee: Unarmed           |    74 |    52 ||   126
         Constrict         |    17 |    16 ||    33
         Tentacles         |    11 |    12 ||    23
         Punch             |     1 |       ||     1
         Short sword       |       |    16 ||    16
  Throw: Dart              |     4 |    32 ||    36
  Evoke: Wand              |       |     8 ||     8
   Stab: Sleeping          |    11 |    10 ||    21
         Distracted        |     1 |     1 ||     2
 Armour: Skin              |    18 |    26 ||    44
  Dodge: Dodged            |    38 |    48 ||    86

Table legend: (Time is in decaauts)
 A = Elapsed time spent in this place.
 B = Non-inter-level travel time spent in this place.
 C = Inter-level travel time spent in this place.
 D = Time resting spent in this place.
 E = Time spent auto-exploring this place.
 F = Levels seen in this place.
 G = Mean time per level.
                   A        B        C        D        E       F      G
               +--------+--------+--------+--------+--------+-----+--------+
         Total |   2804 |   2734 |     70 |      0 |   2161 |   4 |  701.0 |
       Dungeon |   2804 |   2734 |     70 |      0 |   2161 |   4 |  701.0 |
               +--------+--------+--------+--------+--------+-----+--------+

Top non-repeatable levels by time:
     D:2: 851 daAuts
     D:3: 717 daAuts
     D:1: 648 daAuts
     D:4: 587 daAuts
